 Dungeon Crawl Stone Soup version 0.18.1-5-g4a78601 (webtiles) character file.

64 Mefis the Magician (level 3, -3/19 HPs)
             Began as a Deep Elf Wizard on May 11, 2016.
             Killed from afar by Sigmund (14 damage)
             ... with a puff of flame
             ... on level 3 of the Dungeon.
             The game lasted 00:05:27 (2138 turns).

Mefis the Magician (Deep Elf Wizard)                Turns: 2138, Time: 00:05:27

Health: -3/19      AC:  2    Str:  4    XL:     3   Next: 91%
Magic:  9/11       EV: 13    Int: 23    God:
Gold:   104        SH:  0    Dex: 13    Spells: 5 memorised, 2 levels left

rFire  . . .     SeeInvis .     i - +0 dagger
rCold  . . .     Gourm    +     a - +0 robe
rNeg   . . .     Faith    .     (no shield)
rPois  .         Spirit   .     b - +0 hat
rElec  .         Dismiss  .     (no cloak)
rCorr  .         Reflect  .     (no gloves)
SustAt .         Harm     .     (no boots)
MR     .....                    j - amulet of the gourmand
Stlth  ++........               (no ring)
                                (no ring)

@: very slightly contaminated, not resistant to hostile enchantments, unstealthy
A: no striking features
a: no special abilities


You were on level 3 of the Dungeon.
You were not hungry.

You visited 1 branch of the dungeon, and saw 3 of its levels.

You collected 104 gold pieces.

Inventory:

Hand Weapons
 i - a +0 dagger (weapon)
Missiles
 q - 25 arrows
Armour
 a - a +0 robe (worn)
 b - a +0 hat (worn)
 r - a +1 leather armour of poison resistance
Jewellery
 j - an amulet of the gourmand (around neck)
Scrolls
 e - a scroll of immolation {unknown}
 f - a scroll of random uselessness {unknown}
 g - 3 scrolls of noise {unknown}
 l - 2 scrolls of identify {unknown}
 m - a scroll of enchant armour {unknown}
 o - a scroll of remove curse {unknown}
 p - 2 scrolls of magic mapping {unknown}
 t - a scroll of teleportation {unknown}
Potions
 h - a potion of degeneration {unknown}
 k - 2 potions of agility {unknown}
 s - 2 potions of cure mutation {unknown}
Books
 c - a book of Minor Magic

   Spells                             Type                      Level
   a - Magic Dart                     Conjuration                  1
   b - Blink                          Translocation                2
   c - Call Imp                       Summoning                    2
   d - Repel Missiles                 Charms/Air                   2
   e - Slow                           Hexes                        2
   f - Conjure Flame                  Conjuration/Fire             3
   g - Mephitic Cloud                 Conjuration/Poison/Air       3
Comestibles
 d - 3 bread rations
 n - a meat ration


   Skills:
 + Level 2.9 Dodging
 + Level 3.1 Stealth
 * Level 5.3 Spellcasting
 * Level 1.9 Conjurations
 + Level 1.5 Summonings
 + Level 1.4 Translocations
 + Level 0.0 Poison Magic


You had 2 spell levels left.
You knew the following spells:

 Your Spells              Type           Power        Failure   Level  Hunger
a - Magic Dart            Conj           ###.         4%          1    None
b - Call Imp              Summ           ##......     10%         2    None
c - Blink                 Tloc           N/A          10%         2    None
d - Repel Missiles        Chrm/Air       #.....       17%         2    None
e - Mephitic Cloud        Conj/Pois/Air  #.......     24%         3    ##.....


Dungeon Overview and Level Annotations

Branches:
Dungeon (3/15)

Altars:

Annotations:
D:3 Sigmund


Message History

Found 23 stones.
There is a stone staircase leading up here.
t - a scroll labeled HOARIGG WEGO ZETU An adder and Sigmund come into view.
Okay, then.
Casting: Magic Dart
Confirm with . or Enter, or press ? or * to list all spells.
Aiming: Mephitic Cloud
Press: ? - help, Shift-Dir - straight line You miscast Mephitic Cloud.
You are very lightly contaminated with residual magic.
A wave of violent energy washes through your body!
Sigmund shouts!
Casting: Mephitic Cloud
Confirm with . or Enter, or press ? or * to list all spells.
You can't see any susceptible monsters within range! (Use Z to cast anyway.) Sigmund points at you and mumbles some strange words.
The puff of flame hits you!
Ouch! That really hurt!
You die...

.# ##.#..#.#####.#..#(#. ...
........#.# #......... #..
#..#.#.##.### #.........
.#...#..#.#.##.#.###.........
.....#..#....................
.............................
.....#..#.#.#..#.###.#..#.#..
............#..#....<........
.......@....@................
....................##..#.#..
.......%##..............#.#..
.....#..##.....#..#.##..#.#..
...#.#..............)...#.#..
#. # #..................#.#..
# #..##..#.##..###).##.#..
...........)............
...##..###...#....


You could see Sigmund.

Vanquished Creatures
  2 adders
  A ball python (D:1)
  3 bats
  4 giant cockroaches
  4 goblins
  5 hobgoblins
  2 jackals (D:1)
  2 quokkas
  2 giant newts
  12 kobolds
  6 rats
43 creatures vanquished.

Notes
Turn   | Place    | Note
--------------------------------------------------------------
     0 | D:1      | Mefis the Deep Elf Wizard began the quest for the Orb.
     0 | D:1      | Reached XP level 1. HP: 10/10 MP: 7/7
   349 | D:1      | Reached XP level 2. HP: 14/15 MP: 3/9
   356 | D:1      | Learned a level 2 spell: Call Imp
   359 | D:1      | Learned a level 2 spell: Blink
   362 | D:1      | Learned a level 2 spell: Repel Missiles
   862 | D:1      | Reached skill level 5 in Spellcasting
  1227 | D:2      | Reached XP level 3. HP: 19/19 MP: 5/11
  2097 | D:3      | Learned a level 3 spell: Mephitic Cloud
  2126 | D:3      | Noticed Sigmund
  2138 | D:3      | Killed from afar by Sigmund

Skill      XL: |  1  2  3 |
---------------+----------+-----
Spellcasting   | 5 |  5.3
Stealth        | 3 |  3.1
Dodging        | |  2.9
Conjurations   | |  1.9
Summonings     | |  1.5
Translocations | |  1.4

Action                   || total
-------------------------++-------
Melee: Dagger            ||     2
 Cast: Magic Dart        ||   105
 Stab: Sleeping          ||     2
  Eat: Chunk             ||    10
Armor: Robe              ||     1
Dodge: Dodged            ||    11
